 Dungeon Crawl Stone Soup version 0.22-a0-469-gf26638a71f (webtiles) character file.

81597 Faustar the Tortoise (level 16, -10/130 HPs)
             Began as a Formicid Abyssal Knight on June 12, 2018.
             Was the Champion of Lugonu.
             Mangled by a manticore (13 damage)
             ... on level 14 of the Dungeon.
             The game lasted 01:29:32 (30924 turns).

Faustar the Tortoise (Formicid Abyssal Knight)     Turns: 30924, Time: 01:29:33

Health: -10/130    AC: 21    Str: 26    XL:     16   Next: 18%
Magic:  0/23       EV:  9    Int: 13    God:    Lugonu [******]
Gold:   1990       SH:  0    Dex: 26    Spells: 15/15 levels left

rFire    + + .     SeeInvis +   W - +2 dire flail (crush)
rCold    + + .     Gourm    .   u - +0 buckler
rNeg     . . .     Faith    .   L - +3 plate armour {rF+}
rPois    +         Spirit   +   (helmet unavailable)
rElec    .         Reflect  +   G - scarf {Spirit}
rCorr    .         Harm     .   J - +0 pair of gloves
MR       +....                  (no boots)
Stlth    ..........             h - +4 amulet of reflection
HPRegen  0.31/turn              A - ring "Gethigh" {rF+ rC++ Str-2 Dex+9}
MPRegen  0.18/turn              C - ring of Gaekof {rPois Str+5 Dex+7}

@: confused, barbed spikes
A: permanent stasis, dig shafts and tunnels, four strong arms, antennae 3
a: Dig, Shaft Self, Depart the Abyss, Bend Space, Banish, Corrupt, Enter the
Abyss, Brand Weapon With Distortion, Renounce Religion


You were on level 14 of the Dungeon.
You worshipped Lugonu.
Lugonu was exalted by your worship.
You were not hungry.

You visited 5 branches of the dungeon, and saw 24 of its levels.
You visited the Abyss 1 time.
You also visited: Labyrinth.

You collected 2100 gold pieces.
You spent 110 gold pieces at shops.

Inventory:

Hand Weapons
 y - a +0 eveningstar of holy wrath
 D - a +1 whip of electrocution
 F - a +3 dire flail
 K - a +3 great mace
 W - a +2 dire flail of crushing (weapon)
Armour
 u - a +0 buckler (worn)
 G - a scarf of spirit shield (worn)
 J - a +0 pair of gloves (worn)
 L - a +3 plate armour of fire resistance (worn)
 S - a +1 chain mail of cold resistance
Jewellery
 d - an uncursed amulet of the acrobat
 h - a +4 amulet of reflection (around neck)
 j - an uncursed ring of poison resistance
 o - an uncursed ring of wizardry
 q - an uncursed ring of magical power
 z - the ring "Pematz" {rN+ Str+4}
   (You found it on level 6 of the Lair of Beasts)

   [ring of positive energy]

   It affects your strength (+4).
   It protects you from negative energy.
 A - the ring "Gethigh" (left hand) {rF+ rC++ Str-2 Dex+9}
   (You found it on level 8 of the Dungeon)

   [ring of protection from fire]

   It affects your strength (-2).
   It affects your dexterity (+9).
   It protects you from fire.
   It greatly protects you from cold.
 C - the ring of Gaekof (right hand) {rPois Str+5 Dex+7}
   (You found it on level 9 of the Dungeon)

   [ring of strength]

   It affects your strength (+5).
   It affects your dexterity (+7).
   It protects you from poison.
 E - an uncursed ring of resist corrosion
 T - a +2 ring of protection
 V - an uncursed ring of ice
Wands
 a - a wand of paralysis (36)
 p - a wand of polymorph (31)
 r - a wand of acid (28)
 t - a wand of scattershot (2)
 H - a wand of iceblast (16)
 M - a wand of digging (38)
 N - a wand of flame (64)
 Q - a wand of disintegration (26)
Scrolls
 f - a scroll of summoning {unknown}
 g - 4 scrolls of remove curse
 i - 5 scrolls of amnesia
 B - 3 scrolls of fog {unknown}
 I - a scroll of enchant armour
 O - 2 scrolls of magic mapping
 P - 3 scrolls of holy word {unknown}
 R - 2 scrolls of noise {unknown}
 X - a scroll of acquirement {unknown}
 Y - a scroll of identify
Potions
 b - 2 potions of heal wounds
 e - a potion of resistance {unknown}
 k - 4 potions of brilliance
 l - 5 potions of lignification
 m - 3 potions of curing
 n - a potion of haste {unknown}
 s - a potion of might
 v - a potion of invisibility
 w - 5 potions of flight
 x - 2 potions of cancellation
 U - 3 potions of agility
Comestibles
 c - 40 rations


   Skills:
 - Level 13.0 Fighting
 * Level 15.8 Maces & Flails
 - Level 16.0 Armour
 - Level 0.8 Dodging
 + Level 9.8 Shields
 - Level 10.0 Invocations


You had 15 spell levels left.
You didn't know any spells.
Your spell library contained the following spells:

 Spells                   Type           Power        Failure   Level  Hunger
 Cause Fear               Hex            #.........   100%        4    #####..
 Lightning Bolt           Conj/Air       #.........   100%        5    ######.
 Bolt of Magma            Conj/Fire/Erth #.........   100%        5    ######.
 Slow                     Hex            #.......     96%         2    ###....
 Confuse                  Hex            #.......     99%         3    ####...
 Venom Bolt               Conj/Pois      #.........   100%        5    ######.
 Summon Small Mammal      Summ           #...         89%         1    ##.....
 Bolt of Draining         Conj/Necr      #.........   100%        5    ######.
 Animate Dead             Necr           N/A          100%        4    #####..
 Pain                     Necr           #...         89%         1    ##.....
 Animate Skeleton         Necr           N/A          89%         1    ##.....
 Vampiric Draining        Necr           #.........   99%         3    ####...
 Summon Ice Beast         Ice/Summ       #.......     100%        4    #####..
 Call Imp                 Summ           #.......     96%         2    ###....
 Dispel Undead            Necr           #.......     100%        5    ######.
 Regeneration             Chrm/Necr      #.........   99%         3    ####...
 Sublimation of Blood     Necr           #.........   96%         2    ###....
 Corpse Rot               Necr           N/A          96%         2    ###....
 Iron Shot                Conj/Erth      #.........   100%        6    #######
 Stone Arrow              Conj/Erth      #.....       99%         3    ####...
 Shock                    Conj/Air       #...         89%         1    ##.....
 Swiftness                Chrm/Air       #.......     96%         2    ###....
 Agony                    Necr           #.......     100%        5    ######.
 Airstrike                Air            #.........   100%        4    #####..
 Confusing Touch          Hex            #.....       89%         1    ##.....
 Passwall                 Tmut/Erth      #.......     96%         2    ###....
 Ignite Poison            Fire/Tmut/Pois #.......     99%         3    ####...
 Call Canine Familiar     Summ           #.......     99%         3    ####...
 Metabolic Englaciation   Hex/Ice        #.........   100%        5    ######.
 Static Discharge         Conj/Air       #.......     99%         3    ####...
 Corona                   Hex            #......      89%         1    ##.....
 Alistair's Intoxication  Tmut/Pois      #.......     100%        5    ######.
 Lee's Rapid Deconstruct  Erth           #.........   100%        5    ######.
 Sandblast                Erth           #.....       89%         1    ##.....
 Excruciating Wounds      Chrm/Necr      #.........   100%        5    ######.
 Portal Projectile        Hex/Tloc       #.....       99%         3    ####...
 Petrify                  Tmut/Erth      #.......     100%        4    #####..
 Orb of Destruction       Conj           #.........   100%        7    #######
 Leda's Liquefaction      Hex/Erth       #.........   100%        4    #####..
 Inner Flame              Hex/Fire       #.......     99%         3    ####...
 Iskenderun's Battlesphe  Conj/Chrm      #.......     100%        5    ######.
 Summon Lightning Spire   Summ/Air       #.......     100%        4    #####..
 Summon Guardian Golem    Hex/Summ       #.......     99%         3    ####...
 Spellforged Servitor     Conj/Summ      #.........   100%        7    #######
 Irradiate                Conj/Tmut      #.........   100%        5    ######.
 Gell's Gravitas          Tloc           #.........   99%         3    ####...
 Yara's Violent Unravell  Hex/Tmut       #.........   100%        5    ######.


Dungeon Overview and Level Annotations

Branches:
Dungeon (14/15)            Temple (1/1) D:5            Lair (6/6) D:10
  Swamp (0/4) Lair:4       Spider (0/4) Lair:2        Slime (1/5) Lair:6
    Orc (2/2) D:10            Elf (0/3) Orc:2
 Vaults: D:13-14

Altars:
Ashenzari
Dithmenos
Gozag
Hepliaklqana
Sif Muna
Trog
Vehumet
Wu Jian
Xom
Zin
Jiyva

Shops:
D:6 !   D:7 }   D:8 =   Orc:2 ([:*

Annotations:
D:13 1 exclusion


Innate Abilities, Weirdness & Mutations

You cannot be hasted, slowed, berserked, paralysed or teleported.
You can dig through walls and to a lower floor.
Your four strong arms can wield two-handed weapons with a shield.
You have a pair of large antennae on your head. (SInv)


Message History

The orc knight hits you but does no damage.
The manticore bites you!
* * * LOW HITPOINT WARNING * * *
The manticore claws you but does no damage. x2
The golden eye blinks at you.
You are more confused.
In your confused state, you trip and fall back down the stairs.
* * * LOW HITPOINT WARNING * * *
The centaur warrior shoots an arrow.
The arrow barely misses you.
The tengu warrior hits you with a great mace.
* * * LOW HITPOINT WARNING * * *
The tengu warrior pecks you but does no damage.
The tengu warrior claws you.
* * * LOW HITPOINT WARNING * * *
The golden eye blinks at you.
You are more confused.
The orc knight hits you with an enchanted battleaxe!!
* * * LOW HITPOINT WARNING * * *
The manticore bites you!
You die...

#........(..# #.
#.......(...# #.
#...........# #.
##+#...........#
#.
.........(.....#
#.
.......G.......##
#.
.......c(........
..
......HQoc.......
...
.......@....#####
....
#####(......#
..... #.(######
#..... #.. ###


You could see an orc knight, a tengu warrior, 2 centaur warriors, a manticore
and a golden eye shaped shifter.

Vanquished Creatures
  2 orc warlords (Orc:1)
  A minotaur (Lab)
  Snorg (Orc:2)
  Fannar (Orc:1)
  The ghost of JUnderhill the Thaumaturge, a journeyman DsIE of Sif Muna (D:13)
  Erolcha (Orc:2)
  A vault guard (D:13)
  A catoblepas (Lair:6)
  The ghost of Foic the Basher, a novice TrCK of Makhleb (D:8)
  A death knight (D:12)
  4 hydras
  Erica (D:7)
  A deep troll shaman (Lair:6)
  5 two-headed ogres
  17 death yaks
  4 orc high priests
  Urug (D:11)
  Nergalle (Lair:4)
  Sonja (Orc:2)
  The ghost of Zaque the Zephyrmancer, a novice TeAE (D:9)
  An unseen horror (D:10)
  A deep elf archer (D:13)
  Pikel (D:9)
  2 phantasmal warriors (D:12)
  5 orc knights
  A deep elf mage (D:11)
  2 ugly things
  5 orc sorcerers
  2 cyclopes
  3 elephants (Lair:6)
  Maurice (D:8)
  2 black mambas (Lair:6)
  A torpor snail (Lair:5)
  2 gargoyles
  12 spiny frogs
  A kobold demonologist (D:13)
  A freezing wraith (D:12)
  4 komodo dragons
  9 trolls
  2 minotaur skeletons (Lab)
  A meliai (D:14)
  11 blink frogs
  11 dream sheep
  5 slime creatures
  10 hippogriffs
  A redback (Lair:2)
  A vampire (D:12)
  7 wyverns
  A shadow (D:14)
  36 yaks
  3 basilisks
  A steam dragon (shapeshifter) (D:12)
  A hungry ghost (Lab)
  7 vampire mosquitoes
  8 wargs
  15 water moccasins
  13 porcupines
  A swamp drake (D:8)
  4 ice beasts
  4 slaves (D:9)
  35 orc warriors
  3 black bears
  A sky beast (D:5)
  15 centaurs
  A necrophage (D:8)
  A boggart (D:12)
  5 phantoms
  6 ogres
  11 wolves
  12 crocodiles
  A big kobold (D:12)
  17 bullfrogs
  2 scorpions
  18 killer bees
  A water moccasin skeleton (D:9)
  A troll skeleton (Lab)
  3 howler monkeys
  5 wights (D:9)
  5 crimson imps
  A bullfrog zombie (D:8)
  A quasit (D:6)
  2 centaur zombies
  3 hounds
  A jelly (D:7)
  4 bullfrog skeletons
  13 orc priests
  6 iguanas
  25 orc wizards
  Natasha (thrice) (D:4 D:7)
  9 worker ants
  A killer bee zombie (D:8)
  A hound skeleton (D:7)
  A hound zombie (D:6)
  16 adders
  3 gnolls (D:11)
  2 river rats (Lair:4)
  A shadow imp (D:10)
  2 oozes
  2 adder zombies
  4 worms
  9 leopard geckos
  82 orcs
  3 ball pythons
  2 bats
  7 giant cockroaches
  5 goblins
  5 hobgoblins
  4 jackals
  9 quokkas
  7 frilled lizards
  10 kobolds
  A leopard gecko skeleton (D:7)
  6 rats
640 creatures vanquished.

Vanquished Creatures (others)
  2 centaurs (Lair:5)
  16 fungi
  13 plants
31 creatures vanquished.

Grand Total: 671 creatures vanquished

Notes
Turn   | Place    | Note
-------+----------+-------------------------------------------
     0 | Abyss:1  | Faustar the Formicid Abyssal Knight began the quest for the Orb.
     0 | Abyss:1  | Reached XP level 1. HP: 18/18 MP: 2/2
    68 | Abyss:1  | Noticed a ynoxinul
    79 | Abyss:1  | Noticed a small abomination
    83 | D:1      | Escaped the Abyss
   172 | D:1      | Reached * piety under Lugonu
   172 | D:1      | Reached XP level 2. HP: 18/24 MP: 3/3
  1218 | D:1      | Reached XP level 3. HP: 28/29 MP: 4/4
  1810 | D:2      | Reached XP level 4. HP: 32/35 MP: 5/5
  1814 | D:2      | Reached ** piety under Lugonu
  2421 | D:3      | Reached XP level 5. HP: 21/41 MP: 6/6
  2589 | D:3      | Reached skill level 3 in Armour
  2827 | D:3      | Reached skill level 5 in Maces & Flails
  2834 | D:3      | Reached XP level 6. HP: 36/47 MP: 7/7
  2846 | D:3      | Reached skill level 4 in Armour
  3598 | D:3      | Reached *** piety under Lugonu
  3953 | D:4      | Noticed Natasha
  3962 | D:4      | Killed Natasha
  3962 | D:4      | Reached XP level 7. HP: 45/52 MP: 8/8
  4037 | D:4      | Reached skill level 5 in Armour
  4043 | D:4      | Got a brightly glowing quarterstaff
  4044 | D:4      | Identified the cursed +0 quarterstaff "Babiomea" {crush, Str+2} (You found it on level 4 of the Dungeon)
  4794 | D:5      | Entered Level 5 of the Dungeon
  4817 | D:5      | Found a radiant altar of Vehumet.
  5109 | D:5      | Reached XP level 8. HP: 59/60 MP: 9/9
  5251 | D:5      | Got a translucent ring mail
  5263 | D:5      | Identified the +2 ring mail of the Beginning {MR+ Int+5} (You found it on level 5 of the Dungeon)
  5491 | D:5      | Reached skill level 5 in Fighting
  5491 | D:5      | Reached skill level 6 in Armour
  5528 | D:5      | Found a staircase to the Ecumenical Temple.
  5564 | Temple   | Entered the Ecumenical Temple
  5938 | D:6      | Found Dacut's Distillery.
  6112 | D:6      | Bought a potion of invisibility for 80 gold pieces
  6112 | D:6      | Bought a potion of flight for 30 gold pieces
  6215 | D:6      | Reached **** piety under Lugonu
  6297 | D:6      | Reached skill level 1 in Shields
  6336 | D:6      | Reached XP level 9. HP: 63/70 MP: 10/10
  6850 | D:7      | Found Mowkuuli's Gadget Boutique.
  7177 | D:7      | Reached skill level 7 in Armour
  7520 | D:7      | Found an ornate altar of the Wu Jian Council.
  7624 | D:7      | Noticed Natasha
  7629 | D:7      | Killed Natasha
  8247 | D:7      | Noticed Natasha
  8252 | D:7      | Killed Natasha
  8915 | D:8      | Noticed Foic's ghost (novice TrCK)
  8916 | D:8      | Noticed a hippogriff
  8977 | D:8      | Killed Foic's ghost
  8977 | D:8      | Reached XP level 10. HP: 44/82 MP: 11/11
  9161 | D:8      | Noticed Erica
  9226 | D:7      | Killed Erica
  9226 | D:7      | Reached skill level 8 in Armour
  9722 | D:8      | Reached skill level 9 in Armour
  9980 | D:8      | Noticed Maurice
  9989 | D:8      | Killed Maurice
 10055 | D:8      | Found Wehoc's Jewellery Emporium.
 10096 | D:8      | Noticed Grum
 10124 | D:8      | Noticed Grum
 10124 | D:8      | Grum changed into Grum the swamp drake
 10130 | D:8      | Killed Grum the swamp drake
 10337 | D:8      | Got a glittering bronze ring
 10522 | D:9      | Noticed Zaque's ghost (novice TeAE)
 10531 | D:9      | Killed Zaque's ghost
 10531 | D:9      | Reached skill level 10 in Maces & Flails
 10531 | D:9      | Reached skill level 10 in Armour
 10531 | D:9      | Reached XP level 11. HP: 83/86 MP: 12/12
 10537 | D:9      | Got a wavering amber ring
 10545 | D:8      | Identified the ring "Gethigh" {rF+ rC++ Str-2 Dex+9} (You found it on level 8 of the Dungeon)
 10547 | D:8      | Identified the ring of Gaekof {rPois Str+5 Dex+7} (You found it on level 9 of the Dungeon)
 10628 | D:9      | Found a shadowy altar of Dithmenos.
 10798 | D:9      | Noticed Pikel
 10816 | D:9      | Killed Pikel
 11629 | D:10     | Entered Level 10 of the Dungeon
 11829 | D:10     | Reached skill level 5 in Invocations
 12028 | D:10     | Reached ***** piety under Lugonu
 12028 | D:10     | Reached skill level 11 in Armour
 12225 | D:10     | Noticed a two-headed ogre
 12232 | D:10     | Killed a two-headed ogre
 12791 | D:10     | Noticed an unseen horror
 12809 | D:10     | Killed an unseen horror
 12809 | D:10     | Reached XP level 12. HP: 80/93 MP: 15/17
 12919 | D:10     | Found a staircase to the Lair.
 13156 | D:10     | Found a staircase to the Orcish Mines.
 13328 | Lair:1   | Entered Level 1 of the Lair of Beasts
 14007 | Lair:1   | Noticed a five-headed hydra
 14016 | Lair:1   | Killed a five-headed hydra
 14016 | Lair:1   | Reached skill level 12 in Armour
 15148 | Lair:2   | Found a hole to the Spider Nest.
 15454 | Lair:2   | You fall through a shaft!
 15490 | Lair:3   | Got an ancient ring mail
 15509 | Lair:2   | Identified the +1 ring mail of the Princeling {Int+3} (You found it on level 3 of the Lair of Beasts)
 15688 | Lair:3   | Noticed a death yak
 15696 | Lair:3   | Noticed a death yak
 15701 | Lair:3   | Noticed a death yak
 15704 | Lair:3   | Killed a death yak
 15705 | Lair:3   | Noticed a death yak
 15721 | Lair:3   | Killed a death yak
 15730 | Lair:3   | Killed a death yak
 15730 | Lair:3   | Reached skill level 10 in Invocations
 15740 | Lair:3   | Killed a death yak
 15740 | Lair:3   | Reached XP level 13. HP: 41/100 MP: 9/20
 16424 | Lair:3   | Reached skill level 13 in Armour
 16783 | Lair:4   | Noticed Nergalle
 16793 | Lair:4   | Killed Nergalle
 16898 | Lair:4   | Reached skill level 10 in Fighting
 17168 | Lair:4   | Found a staircase to the Swamp.
 17352 | Lair:4   | Reached ****** piety under Lugonu
 18411 | Lair:5   | Reached skill level 14 in Armour
 18571 | Lair:5   | Noticed an eight-headed hydra
 18635 | Lair:5   | Noticed a five-headed hydra
 18650 | Lair:5   | Killed a five-headed hydra
 19004 | Lair:5   | Reached XP level 14. HP: 88/109 MP: 16/21
 19633 | Lair:5   | Reached skill level 15 in Armour
 19817 | Lair:5   | Found an opulent altar of Gozag.
 20058 | Lair:6   | Entered Level 6 of the Lair of Beasts
 20110 | Lair:6   | Found a labyrinth entrance.
 20121 | Lair:6   | Reached skill level 5 in Shields
 20144 | Lab      | Entered a labyrinth
 20860 | Lab      | Noticed a minotaur
 20873 | Lab      | Killed a minotaur
 22046 | Lair:6   | Got a steaming amber ring
 22048 | Lair:6   | Identified the ring "Pematz" {rN+ Str+4} (You found it on level 6 of the Lair of Beasts)
 22411 | Lair:6   | Found a staircase to the Slime Pits.
 22412 | Lair:6   | Found a viscous altar of Jiyva.
 22953 | Slime:1  | Entered Level 1 of the Pits of Slime
 23098 | Orc:1    | Entered Level 1 of the Orcish Mines
 23127 | Orc:1    | Noticed an orc warlord
 23435 | Orc:1    | Noticed Fannar
 23874 | D:11     | Reached XP level 15. HP: 119/119 MP: 22/22
 23991 | D:11     | Noticed Urug
 24002 | D:11     | Killed Urug
 24876 | Orc:1    | Killed an orc warlord
 25261 | Orc:1    | Killed Fannar
 25506 | Orc:2    | Entered Level 2 of the Orcish Mines
 25625 | Orc:2    | Found Moxte's General Store.
 25699 | Orc:2    | Noticed Sonja
 25703 | Orc:2    | Killed Sonja
 25774 | Orc:2    | Noticed an orc warlord
 26006 | Orc:1    | Killed an orc warlord
 26744 | Orc:1    | Reached skill level 15 in Maces & Flails
 26978 | Orc:2    | Found a staircase to the Elven Halls.
 27071 | Orc:2    | Found Afes's Book Shop.
 27190 | Orc:2    | Found Careocw's Antique Weapon Boutique.
 27282 | Orc:2    | Found Voum's Antique Armour Boutique.
 27766 | Orc:1    | Noticed Snorg
 27766 | Orc:1    | Noticed Erolcha
 27775 | Orc:2    | Killed Erolcha
 27797 | Orc:2    | Killed Snorg
 29225 | D:13     | Reached XP level 16. HP: 129/130 MP: 23/23
 29438 | D:13     | Noticed JUnderhill's ghost (journeyman DsIE)
 29452 | D:13     | Killed JUnderhill's ghost
 30741 | D:13     | Reached skill level 16 in Armour
 30924 | D:14     | HP: 3/130 [orc knight/enchanted battleaxe (22)]
 30924 | D:14     | Mangled by a manticore

Vault maps used:
D:1:      wheals_arrival_shading
D:3:      minmay_liquid_box
D:4:      first_ration, uniq_natasha
D:5:      minmay_temple_entry_overgrown, basic_altar
D:6:      serial_shops, nicolae_shop_window_shopping
D:7:      lemuel_coloured_pillars_altar, serial_shops, nicolae_shop_stone
D:8:      serial_shops, shop, uniq_erica, uniq_grum, uniq_maurice
D:9:      basic_altar, uniq_pikel
D:10:     minmay_lair_entry_grove, orc_0_dummy, nicolae_twisting_strands
D:11:     uniq_urug
D:12:     minmay_ornate_pinched
D:13:     grunt_vaults_entry_fortified
D:14:     minmay_dotted_concentric_squares, grunt_ogre_cave, kennysheep_dice,
          uniq_frances
Temple:   compressed_dpeg_triangle_lava_temple
Lair:1:   st_stairs_7, lemuel_fruit_tree
Lair:2:   spider_nest_entry_webs
Lair:3:   beast_lair_carwin_3
Lair:4:   minmay_swamp_entry_swarm, beast_lair_carwin_9,
          infiniplex_staircase_pool, uniq_nergalle
Lair:5:   lemuel_centaur_altar
Lair:6:   grunt_lair_end_beastmaster, slime_altar_1, lab_entry_generic,
          serial_bayou_shore_b
Slime:1:  cheibrodos_slime_lost_civilization_10
Orc:1:    uniq_snorg, uniq_erolcha, uniq_fannar
Orc:2:    grunt_orc_gardens, grunt_orc_garden, grunt_orc_garden,
          grunt_orc_garden, grunt_orc_garden, uniq_sonja
Lab:      labyrinth_lava_lair, labyrinth_glass_1, nicolae_lab_arrow,
          nicolae_lab_very_dead_end, nicolae_lab_stuck, nicolae_lab_t_cross

Skill      XL: |  1  2  3  4  5  6  7  8  9 10 11 12 13 14 15 16 |
---------------+-------------------------------------------------+-----
Maces & Flails | 3 4 5 6 7 8 10 11 12 13 14 15 | 15.8
Armour         | 3 4 5 6 7 10 11 12 14 15 16 | 16.0
Fighting       | 4 6 8 9 10 12 13 | 13.0
Shields        | 1 4 9 |  9.8
Invocations    | 7 10 | 10.0
Dodging        | |  0.8

Action                   |  1- 3 |  4- 6 |  7- 9 | 10-12 | 13-15 | 16-18 || total
-------------------------+-------+-------+-------+-------+-------+-------++-------
Melee: Mace              |    19 |       |       |       |       |       ||    19
       Whip              |    80 |   178 |   465 |   201 |       |       ||   924
       Dire flail        |       |       |       |   421 |   981 |   119 ||  1521
       Great mace        |       |       |       |       |   319 |       ||   319
       Eveningstar       |       |       |       |       |    70 |       ||    70
Invok: Depart the Abyss  |     1 |       |       |       |       |       ||     1
 Abil: Dig               |       |       |       |     5 |    17 |     2 ||    24
Evoke: Wand              |       |       |     9 |    11 |    30 |    10 ||    60
  Use: Scroll            |       |       |    11 |     3 |     8 |       ||    22
       Potion            |       |       |       |       |     3 |     1 ||     4
 Stab: Invisible         |       |       |       |       |    14 |       ||    14
       Paralysed         |       |       |       |       |     9 |       ||     9
  Eat: Chunk             |     3 |     7 |    15 |    19 |    40 |     3 ||    87
       Ration            |       |       |       |     1 |     2 |     1 ||     4
Armor: Leather armour    |    20 |       |       |       |       |       ||    20
       Chain mail        |       |    60 |   177 |   181 |   259 |       ||   677
       Plate armour      |       |       |       |       |   162 |    44 ||   206
Dodge: Dodged            |    64 |    40 |   178 |   185 |   304 |    36 ||   807
Block: Buckler           |       |       |       |   171 |   571 |    54 ||   796
       Reflection        |       |       |       |     3 |    24 |    20 ||    47

Table legend:
 A = Spawn XP
 B = Non-spawn XP
 C = Spawn XP percentage of total XP
 D = Spawn monster count
 E = Non-spawn monster count
 F = Spawn count percentage of total count
 G = Total turns spent on level
                    A         B        C        D         E        F      G
               +---------+---------+-------+---------+---------+-------+---------
         Total |       0 |  116568 |   0.0 |       0 |     638 |   0.0 | 30924
               +---------+---------+-------+---------+---------+-------+---------
           D:1 |       0 |      29 |   0.0 |       0 |      19 |   0.0 |  1387
           D:2 |       0 |      89 |   0.0 |       0 |      22 |   0.0 |  1037
           D:3 |       0 |     385 |   0.0 |       0 |      29 |   0.0 |  1403
           D:4 |       0 |     375 |   0.0 |       0 |      17 |   0.0 |  1044
           D:5 |       0 |     868 |   0.0 |       0 |      28 |   0.0 |  1011
           D:6 |       0 |     444 |   0.0 |       0 |      15 |   0.0 |   966
           D:7 |       0 |    1846 |   0.0 |       0 |      18 |   0.0 |  2309
           D:8 |       0 |    2867 |   0.0 |       0 |      24 |   0.0 |  1242
           D:9 |       0 |    3310 |   0.0 |       0 |      28 |   0.0 |  1401
          D:10 |       0 |    9122 |   0.0 |       0 |      75 |   0.0 |  2523
          D:11 |       0 |    3747 |   0.0 |       0 |      22 |   0.0 |  1084
          D:12 |       0 |    8314 |   0.0 |       0 |      28 |   0.0 |  1128
          D:13 |       0 |    9169 |   0.0 |       0 |      34 |   0.0 |  1858
          D:14 |       0 |     632 |   0.0 |       0 |       4 |   0.0 |    36
        Lair:1 |       0 |    3304 |   0.0 |       0 |      15 |   0.0 |  1218
        Lair:2 |       0 |    1503 |   0.0 |       0 |       7 |   0.0 |   805
        Lair:3 |       0 |    9387 |   0.0 |       0 |      32 |   0.0 |  1312
        Lair:4 |       0 |    6791 |   0.0 |       0 |      31 |   0.0 |  1361
        Lair:5 |       0 |   14424 |   0.0 |       0 |      40 |   0.0 |  1962
        Lair:6 |       0 |   16083 |   0.0 |       0 |      41 |   0.0 |  1911
         Orc:1 |       0 |    9082 |   0.0 |       0 |      34 |   0.0 |  1026
         Orc:2 |       0 |   12734 |   0.0 |       0 |      70 |   0.0 |  1850
           Lab |       0 |    2063 |   0.0 |       0 |       5 |   0.0 |   962
               +---------+---------+-------+---------+---------+-------+---------
